SL
THUNDER BAY NORTHERN LIONS BC @ NEW AMSTERDAM REPUBLICS
07/25/2024
 
TOP OF THE 1ST
Thunder Bay Northern Lions BC batting - Pitching for New Amsterdam Republics : RHP Bobby Swain
Pitching: RHP Bobby Swain
Batting: LHB David Smith 0-0: Called Strike
0-1: Ground out 5-3 (Groundball, 5)
Batting: RHB Ed Whitaker 0-0: Ball
1-0: Fly out, F8 (Flyball, 8RXD)
Batting: LHB Michael Greene 0-0: Ball
1-0: Ball
2-0: Ball
3-0: Base on Balls
Batting: LHB John Brewer 0-0: Ball
1-0: Ground out 1-3 (Groundball, 15)
Top of the 1st over - 0 run(s), 0 hit(s), 0 error(s), 1 left on base; Thunder Bay 0 - New Amsterdam 0
BOTTOM OF THE 1ST
New Amsterdam Republics batting - Pitching for Thunder Bay Northern Lions BC : RHP Júlio Palma
Pitching: RHP Júlio Palma
Batting: RHB Enrique Morales 0-0: Ball
1-0: Foul Ball, location: 2F
1-1: Called Strike
1-2: Ground out 6-3 (Groundball, 6)
Batting: RHB Ed Anderson 0-0: Ball
1-0: Swinging Strike
1-1: Ball
2-1: Ball
3-1: Base on Balls
Batting: RHB Hank Wilder 0-0: Called Strike
0-1: Fly out, F7 (Flyball, 78M)
Batting: RHB Quincy van Enk 0-0: Called Strike
0-1: Ball
1-1: Called Strike
1-2: Strikes out swinging
Bottom of the 1st over - 0 run(s), 0 hit(s), 0 error(s), 1 left on base; Thunder Bay 0 - New Amsterdam 0
TOP OF THE 2ND
Thunder Bay Northern Lions BC batting - Pitching for New Amsterdam Republics : RHP Bobby Swain
Batting: SHB Carlos Rodríguez 0-0: Ground out 5-3 (Groundball, 56S)
Batting: RHB Keith Fish 0-0: Called Strike
0-1: Swinging Strike
0-2: Strikes out looking
Batting: SHB Arnold Griffith 0-0: Ball
1-0: SINGLE (Line Drive, 9LS)
Batting: RHB Robert O'Connor 0-0: Ball
1-0: Called Strike
1-1: Ball
2-1: Ball
3-1: Ground out 5-3 (Groundball, 5L)
Top of the 2nd over - 0 run(s), 1 hit(s), 0 error(s), 1 left on base; Thunder Bay 0 - New Amsterdam 0
BOTTOM OF THE 2ND
New Amsterdam Republics batting - Pitching for Thunder Bay Northern Lions BC : RHP Júlio Palma
Batting: RHB António Pérez 0-0: Foul Ball, location: 2F
0-1: Ball
1-1: Swinging Strike
1-2: Strikes out swinging
Batting: LHB Eric Ward 0-0: Ball
1-0: Called Strike
1-1: Fly out, F3 (Popup, 3F)
Batting: RHB Luis Muńóz 0-0: Foul Ball, location: 2F
0-1: Fly out, F7 (Line Drive, 7M)
Bottom of the 2nd over - 0 run(s), 0 hit(s), 0 error(s), 0 left on base; Thunder Bay 0 - New Amsterdam 0
TOP OF THE 3RD
Thunder Bay Northern Lions BC batting - Pitching for New Amsterdam Republics : RHP Bobby Swain
Batting: RHB Carlos Padilla 0-0: Ball
1-0: Fly out, F4 (Popup, 4D)
Batting: LHB David Smith 0-0: Called Strike
0-1: Ball
1-1: Foul Ball, location: 2F
1-2: Ground out 4-3 (Groundball, 4M)
Batting: RHB Ed Whitaker 0-0: Ball
1-0: Ball
2-0: Called Strike
2-1: SINGLE (Flyball, 7S)
Batting: LHB Michael Greene 0-0: Hit by Pitch
Ed Whitaker to second
Pinch Runner at 1st Curtis Peters:
Batting: LHB John Brewer 0-0: Called Strike
0-1: Ground out 4-3 (Groundball, 4)
Top of the 3rd over - 0 run(s), 1 hit(s), 0 error(s), 2 left on base; Thunder Bay 0 - New Amsterdam 0
BOTTOM OF THE 3RD
New Amsterdam Republics batting - Pitching for Thunder Bay Northern Lions BC : RHP Júlio Palma
Now in LF: Curtis Peters
Batting: LHB Steve Ingram 0-0: Called Strike
0-1: Fly out, F4 (Popup, 4MD)
Batting: RHB Arturo Morales 0-0: Ball
1-0: Foul Ball, location: 2F
1-1: SINGLE (Line Drive, 56D)
Batting: RHB Enrique Morales 0-0: Called Strike
0-1: Swinging Strike
0-2: Ball
1-2: Strikes out swinging
Batting: RHB Ed Anderson 0-0: Foul Ball, location: 2F
0-1: Swinging Strike
0-2: Ball
1-2: Foul Ball, location: 2F
1-2: Foul Ball, location: 2F
1-2: Ball
2-2: Strikes out looking
Bottom of the 3rd over - 0 run(s), 1 hit(s), 0 error(s), 1 left on base; Thunder Bay 0 - New Amsterdam 0
TOP OF THE 4TH
Thunder Bay Northern Lions BC batting - Pitching for New Amsterdam Republics : RHP Bobby Swain
Batting: SHB Carlos Rodríguez 0-0: Ball
1-0: Called Strike
1-1: Foul Ball, location: 2F
1-2: Foul Ball, location: 2F
1-2: Ball
2-2: Foul Ball, location: 2F
2-2: Foul Ball, location: 2F
2-2: SINGLE (Groundball, 34D) (infield hit)
Batting: RHB Keith Fish 0-0: SINGLE (Groundball, 34D)
Carlos Rodríguez to second
Runner from 2nd tries for 3rd, SAFE, throw made to third
Batting: SHB Arnold Griffith 0-0: Ball
1-0: Foul Ball, location: 2F
1-1: Ball
2-1: Swinging Strike
Reached via error on a dropped throw, E4
Carlos Rodríguez scores
Keith Fish to second
Batting: RHB Robert O'Connor 0-0: Swinging Strike
0-1: DOUBLE (Groundball, 5L)
Keith Fish scores
Arnold Griffith to third
Batting: RHB Carlos Padilla 0-0: Called Strike
0-1: 3-RUN HOME RUN (Flyball, 9LD), Distance : 355 ft
Batting: LHB David Smith 0-0: Ball
1-0: Called Strike
1-1: Ground out 6-3 (Groundball, 6)
Batting: RHB Ed Whitaker 0-0: Ball
1-0: Called Strike
1-1: Ball
2-1: Foul Ball, location: 2F
2-2: Foul Ball, location: 2F
2-2: Hit by Pitch
Batting: LHB Curtis Peters 0-0: Ball
1-0: Called Strike
1-1: Ball
2-1: Foul Ball, location: 2F
2-2: Foul Ball, location: 2F
2-2: Ball
3-2: Base on Balls
Ed Whitaker to second
Batting: LHB John Brewer 0-0: Ball
1-0: Ball
2-0: Called Strike
2-1: Ball
3-1: Called Strike
3-2: Strikes out swinging
Batting: SHB Carlos Rodríguez 0-0: Called Strike
0-1: Ball
1-1: SINGLE (Line Drive, 4MD)
Ed Whitaker to third
Curtis Peters to second
Runner from 3rd tries for Home, throw and OUT!
Top of the 4th over - 5 run(s), 5 hit(s), 1 error(s), 2 left on base; Thunder Bay 5 - New Amsterdam 0
BOTTOM OF THE 4TH
New Amsterdam Republics batting - Pitching for Thunder Bay Northern Lions BC : RHP Júlio Palma
Batting: RHB Hank Wilder 0-0: Ball
1-0: Ball
2-0: Called Strike
2-1: Foul Ball, location: 2F
2-2: Ball
3-2: Base on Balls
Batting: RHB Quincy van Enk 0-0: Fly out, F8 (Line Drive, 8RD)
Batting: RHB António Pérez 0-0: Fly out, F8 (Flyball, 8RM)
Batting: LHB Eric Ward 0-0: Ball
1-0: Fly out, F7 (Flyball, 7M)
Bottom of the 4th over - 0 run(s), 0 hit(s), 0 error(s), 1 left on base; Thunder Bay 5 - New Amsterdam 0
TOP OF THE 5TH
Thunder Bay Northern Lions BC batting - Pitching for New Amsterdam Republics : RHP Bobby Swain
Batting: RHB Keith Fish 0-0: SINGLE (Groundball, 56D)
Batting: SHB Arnold Griffith 0-0: Sac Bunt - play at first, batter OUT! 2-3
Keith Fish to second
Batting: RHB Robert O'Connor 0-0: Ball
1-0: Ball
Keith Fish steals 3rd base
2-0: SINGLE (Flyball, 8RS)
Keith Fish scores
Pitching: RHP Albert Emery
Batting: RHB Carlos Padilla 0-0: Ball
1-0: Swinging Strike
1-1: Called Strike
1-2: Strikes out swinging
Batting: LHB David Smith 0-0: Ball
1-0: Foul Ball, location: 2F
1-1: Ball
2-1: Ball
3-1: Called Strike
3-2: Fly out, F9 (Flyball, 89S)
Top of the 5th over - 1 run(s), 2 hit(s), 0 error(s), 1 left on base; Thunder Bay 6 - New Amsterdam 0
BOTTOM OF THE 5TH
New Amsterdam Republics batting - Pitching for Thunder Bay Northern Lions BC : RHP Júlio Palma
Batting: RHB Luis Muńóz 0-0: Ball
1-0: Ball
2-0: Ball
3-0: Base on Balls
Batting: LHB Steve Ingram 0-0: Called Strike
0-1: Called Strike
0-2: Strikes out swinging
Batting: RHB Arturo Morales 0-0: Ball
1-0: Foul Ball, location: 2F
1-1: Foul Ball, location: 2F
1-2: Strikes out swinging
Batting: RHB Enrique Morales 0-0: Ball
1-0: Ball
2-0: Fly out, F8 (Flyball, 78M)
Bottom of the 5th over - 0 run(s), 0 hit(s), 0 error(s), 1 left on base; Thunder Bay 6 - New Amsterdam 0
TOP OF THE 6TH
Thunder Bay Northern Lions BC batting - Pitching for New Amsterdam Republics : RHP Albert Emery
Batting: RHB Ed Whitaker 0-0: Ball
1-0: Called Strike
1-1: Ball
2-1: Ground out 1-3 (Groundball, 13)
Batting: LHB Curtis Peters 0-0: Fly out, F5 (Popup, 5F)
Batting: LHB John Brewer 0-0: Called Strike
0-1: Ball
1-1: Ball
2-1: Foul Ball, location: 2F
2-2: Foul Ball, location: 2F
2-2: Fly out, F7 (Flyball, 7LM)
Top of the 6th over - 0 run(s), 0 hit(s), 0 error(s), 0 left on base; Thunder Bay 6 - New Amsterdam 0
BOTTOM OF THE 6TH
New Amsterdam Republics batting - Pitching for Thunder Bay Northern Lions BC : RHP Júlio Palma
Batting: RHB Ed Anderson 0-0: Called Strike
0-1: Called Strike
0-2: Ball
1-2: Strikes out swinging
Batting: RHB Hank Wilder 0-0: Called Strike
0-1: Foul Ball, location: 2F
0-2: Strikes out swinging
Batting: RHB Quincy van Enk 0-0: Ball
1-0: Called Strike
1-1: Ground out 6-3 (Groundball, 6)
Bottom of the 6th over - 0 run(s), 0 hit(s), 0 error(s), 0 left on base; Thunder Bay 6 - New Amsterdam 0
TOP OF THE 7TH
Thunder Bay Northern Lions BC batting - Pitching for New Amsterdam Republics : RHP Albert Emery
Batting: SHB Carlos Rodríguez 0-0: Ball
1-0: Foul Ball, location: 2F
1-1: Ball
2-1: Ground out 4-3 (Groundball, 34)
Batting: RHB Keith Fish 0-0: Ball
1-0: Called Strike
1-1: SINGLE (Line Drive, 34)
Batting: SHB Arnold Griffith 0-0: Ball
1-0: Ball
2-0: Called Strike
2-1: Foul Ball, location: 2F
2-2: Strikes out looking
Keith Fish steals 2nd base
Batter strikes out.
Batting: RHB Robert O'Connor 0-0: Ground out 5-3 (Groundball, 5L)
Top of the 7th over - 0 run(s), 1 hit(s), 0 error(s), 1 left on base; Thunder Bay 6 - New Amsterdam 0
BOTTOM OF THE 7TH
New Amsterdam Republics batting - Pitching for Thunder Bay Northern Lions BC : RHP Júlio Palma
Batting: RHB António Pérez 0-0: Foul Ball, location: 2F
0-1: Ground out 4-3 (Groundball, 4M)
Batting: LHB Eric Ward 0-0: Ball
1-0: Ball
2-0: Ball
3-0: Base on Balls
Batting: RHB Luis Muńóz 0-0: Ball
1-0: Swinging Strike
1-1: Foul Ball, location: 2F
1-2: Ball
2-2: Grounds into double play, 6-4-3 (Groundball, 6)
Bottom of the 7th over - 0 run(s), 0 hit(s), 0 error(s), 0 left on base; Thunder Bay 6 - New Amsterdam 0
TOP OF THE 8TH
Thunder Bay Northern Lions BC batting - Pitching for New Amsterdam Republics : RHP Albert Emery
Batting: RHB Carlos Padilla 0-0: Called Strike
0-1: Ball
1-1: Fly out, F8 (Flyball, 8LXD)
Batting: LHB David Smith 0-0: Ball
1-0: Ball
2-0: Ball
3-0: Base on Balls
Batting: RHB Ed Whitaker 0-0: Ball
1-0: SINGLE (Line Drive, 6MD)
David Smith to second
Batting: LHB Curtis Peters 0-0: Ball
1-0: SINGLE (Line Drive, 34D)
David Smith to third
Ed Whitaker to second
Batting: LHB John Brewer 0-0: Ball
1-0: Called Strike
1-1: Ball
2-1: Called Strike
2-2: Foul Ball, location: 2F
2-2: Ball
3-2: Fly out, F4 (Popup, 4D)
Batting: SHB Carlos Rodríguez 0-0: Ball
Passed Ball!
David Smith scores
Ed Whitaker to third
Curtis Peters to second
1-0: DOUBLE (Line Drive, 56D)
Ed Whitaker scores
Curtis Peters scores
Batting: RHB Keith Fish 0-0: Ball
1-0: Ball
2-0: Ball
3-0: Base on Balls
Batting: SHB Arnold Griffith 0-0: Swinging Strike
0-1: Ground out 4-3 (Groundball, 34)
Top of the 8th over - 3 run(s), 3 hit(s), 0 error(s), 2 left on base; Thunder Bay 9 - New Amsterdam 0
BOTTOM OF THE 8TH
New Amsterdam Republics batting - Pitching for Thunder Bay Northern Lions BC : RHP Júlio Palma
Batting: LHB Steve Ingram 0-0: Called Strike
0-1: Ball
1-1: Swinging Strike
1-2: Ground out U3 (Groundball, 3)
Batting: RHB Arturo Morales 0-0: Foul Ball, location: 2F
0-1: Called Strike
0-2: Ball
1-2: Ball
2-2: TRIPLE (Line Drive, 78D)
Batting: RHB Enrique Morales 0-0: Called Strike
0-1: Fly out, F8 (Line Drive, 8RM)
Runner from 3rd tags up, OUT at HOME
Bottom of the 8th over - 0 run(s), 1 hit(s), 0 error(s), 0 left on base; Thunder Bay 9 - New Amsterdam 0
TOP OF THE 9TH
Thunder Bay Northern Lions BC batting - Pitching for New Amsterdam Republics : RHP Albert Emery
Pitching: RHP Gavin Blackburn
Batting: RHB Robert O'Connor 0-0: Ground out 6-3 (Groundball, 6)
Batting: RHB Carlos Padilla 0-0: Called Strike
0-1: Swinging Strike
0-2: Strikes out swinging
Batting: LHB David Smith 0-0: Called Strike
0-1: Foul Ball, location: 2F
0-2: Strikes out looking
Top of the 9th over - 0 run(s), 0 hit(s), 0 error(s), 0 left on base; Thunder Bay 9 - New Amsterdam 0
BOTTOM OF THE 9TH
New Amsterdam Republics batting - Pitching for Thunder Bay Northern Lions BC : RHP Júlio Palma
Batting: RHB Ed Anderson 0-0: Ball
1-0: Fly out, F8 (Flyball, 8RXD)
Batting: RHB Hank Wilder 0-0: Ball
1-0: Fly out, F9 (Line Drive, 9M)
Batting: RHB Quincy van Enk 0-0: Called Strike
0-1: Ball
1-1: Foul Ball, location: 2F
1-2: Foul Ball, location: 2F
1-2: Ground out 4-3 (Groundball, 34)
Bottom of the 9th over - 0 run(s), 0 hit(s), 0 error(s), 0 left on base; Thunder Bay 9 - New Amsterdam 0
This league is powered by Out of the Park Baseball, the baseball management simulation game for PC, Mac and Linux
Monday, October 3rd, 2016 - OOTP Baseball 16.9 Build 39